 Dungeon Crawl Stone Soup version 0.30-a0-390-g80c34de65d (webtiles) character file.

Game seed: 10432562039366546310

1640 pokeman the Thaumaturge (level 8, -3/45 HPs)
             Began as a Deep Elf Hedge Wizard on Dec 4, 2022.
             Slain by an orc warrior
             ... wielding a +0 scimitar
              (10 damage)
             ... on level 6 of the Dungeon.
             The game lasted 00:20:08 (4979 turns).

pokeman the Thaumaturge (Deep Elf Hedge Wizard)     Turns: 4979, Time: 00:20:09

Health: -3/45      AC: 11    Str:  7    XL:     8   Next: 66%
Magic:  22/24      EV: 12    Int: 22    God:
Gold:   329        SH:  0    Dex: 14    Spells: 20/28 levels left

rFire   . . .      SeeInvis .    D - +2 scimitar (flame)
rCold   . . .      Faith    .    (no shield)
rNeg    . . .      Spirit   .    s - +0 leather armour {rPois}
rPois   +          Reflect  .    E - +1 helmet
rElec   .          Harm     .    h - +0 cloak
rCorr   .          Rampage  .    (no gloves)
Will    .....                    C - +0 pair of boots
Stlth   ++........               w - amulet of magic regeneration
HPRegen 0.27/turn                k - ring of wizardry
MPRegen 0.59/turn                o - +4 ring of protection

@: no status effects
A: no striking features
a: no special abilities


You were on level 6 of the Dungeon.
You visited 1 branch of the dungeon, and saw 6 of its levels.

You collected 329 gold pieces.

Inventory:

Hand Weapons
 e - a +3 sling
 D - a +2 scimitar of flaming (weapon)
Armour
 h - a +0 cloak (worn)
 s - a +0 leather armour of poison resistance (worn)
 t - an orb of energy
 C - a +0 pair of boots (worn)
 E - a +1 helmet (worn)
Jewellery
 k - a ring of wizardry (left hand)
 o - a +4 ring of protection (right hand)
 r - a +6 ring of strength
 w - an amulet of magic regeneration (around neck)
 y - a ring of ice
 A - a +6 ring of dexterity
 H - a ring of resist corrosion
Wands
 v - a wand of iceblast (9)
Scrolls
 a - 7 scrolls of identify {unknown}
 i - 8 scrolls of teleportation {unknown}
 x - 2 scrolls of enchant weapon {unknown}
 B - a scroll of butterflies {unknown}
 F - 2 scrolls of blinking {unknown}
 G - a scroll of noise {unknown}
 I - a scroll of acquirement {unknown}
Potions
 b - a potion of berserk rage {unknown}
 c - a potion of degeneration {unknown}
 d - a potion of magic
 f - a potion of invisibility {unknown}
 g - 2 potions of mutation {unknown}
 j - 2 potions of might {unknown}
 l - 5 potions of heal wounds
 m - a potion of resistance {unknown}
 n - 3 potions of flight {unknown}
 p - 2 potions of curing {unknown}
 q - a potion of cancellation {unknown}
 u - 2 potions of haste {unknown}
 z - a potion of lignification {unknown}


   Skills:
 + Level 2.3 Fighting
 - Level 3.1 Armour
 - Level 3.0 Dodging
 - Level 3.0 Stealth
 * Level 10.8 Spellcasting
 + Level 5.7 Conjurations
 - Level 1.1 Summonings
 - Level 1.1 Translocations
 - Level 1.1 Air Magic
 - Level 1.1 Poison Magic
 - Level 1.0 Evocations


You had 20 spell levels left.
You knew the following spells:

 Your Spells              Type           Power      Damage    Failure   Level
a - Magic Dart            Conj           100%       1d8       1%          1
b - Mephitic Cloud        Conj/Pois/Air  23%        N/A       3%          3
c - Call Imp              Summ           16%        N/A       3%          2
d - Blink                 Tloc           32%        N/A       3%          2

Your spell library contained the following spells:

 Spells                   Type           Power      Damage    Failure   Level
 Momentum Strike          Conj/Tloc      54%        3d9       1%          2
 Slow                     Hex            44%        N/A       3%          1
 Cigotuvi's Dreadful Rot  Necr/Pois/Air  30%        N/A       3%          2
 Dazzling Flash           Conj/Hex       48%        N/A       3%          3
 Ensorcelled Hibernation  Hex/Ice        22%        N/A       4%          2
 Passwall                 Tmut/Erth      9%         N/A       4%          2
 Lesser Beckoning         Tloc           32%        N/A       6%          3
 Swiftness                Air            16%        N/A       6%          3
 Simulacrum               Ice/Necr       5%         N/A       99%         6
 Chain Lightning          Conj/Air       13%        3d18      100%        9
 Fire Storm               Conj/Fire      12%        8d3       100%        9
 Polar Vortex             Ice            5%         N/A       100%        9
 Shatter                  Erth           5%         3d8*      100%        9


Dungeon Overview and Level Annotations

Branches:
Dungeon (6/15)
 Temple: D:4-7

Altars:
Dithmenos
Elyvilon
Kikubaaqudgha

Shops:
D:4 :=

Annotations:
D:3 1 runed translucent door, wilsonr's ghost, amateur GnWn


Message History

The orc wizard shouts!
The iguana hisses angrily.
The centaur shouts!
You slash the orc warrior! You burn the orc warrior.
The orc warrior is almost dead.
The centaur wields a +0 shortbow.
The centaur shoots an arrow.
The arrow hits you.
The orc warrior hits you with a +0 scimitar!
The centaur shoots an arrow.
The arrow completely misses you.
The orc warrior hits you with a +0 scimitar.
You strike the helpless orc warrior from behind!
You hit the orc warrior but do no damage.
Your punch misses the orc warrior.
The orc warrior is almost dead.
The orc warrior barely misses you.
Unknown command.
Casting: Mephitic Cloud (dangerous; 3% risk of failure)
Confirm with . or Enter, or press ? or * to list all spells.
Aiming: Mephitic Cloud (dangerous; 3% risk of failure)
Press: ? - help, Shift-Dir - straight line, f - orc warrior
Aim: an orc warrior, wielding a +0 scimitar and wearing a +0 plate armour (almost dead, confused, chance to affect: 81%)
The ball explodes into a vile cloud!
The stinking cloud engulfs the orc warrior but does no damage.
The orc warrior is almost dead.
The stinking cloud engulfs the iguana but does no damage.
The stinking cloud engulfs you but does no damage.
The iguana is engulfed in noxious fumes.
The iguana appears confused.
The orc warrior is engulfed in noxious fumes.
The orc warrior appears confused.
The orc warrior hits you with a +0 scimitar!
* * * LOW HITPOINT WARNING * * *
Unknown command.
Unknown command.
Unknown command.
The centaur is engulfed in noxious fumes.
The iguana is engulfed in noxious fumes.
The iguana barely misses you.
The orc warrior is engulfed in noxious fumes.
The orc warrior appears confused.
The orc warrior hits you with a +0 scimitar!
You die...

..#w≈≈≈~#~≈.#.#.....
#. .~~ ........# #.
w..w ##......#
..####.....#...#...###
...#...........##....#
....w.#
.c###.###..#...#
......####.##.☼○c.^##
###
w...........##.ol.##
..<.#.......#o.☼@.#
.)..#....w.......##
...o...........###
.#............##
.?..........###
#####........#
####....## ##.### ###


You could see an orc warrior (confused), a centaur, an iguana (confused), an orc
wizard and a dart slug.

Vanquished Creatures
  Grinder (D:4)
  Sigmund (D:5)
  A steam dragon (D:5)
  A black bear (D:5)
  2 ogres (D:5)
  A centaur (D:5)
  Blork the orc (D:4)
  4 scorpions
  An orc priest (D:4)
  2 hounds (D:4)
  2 jellies
  An iguana (D:4)
  An orc wizard (D:5)
  Terence (D:3)
  Robin (D:4)
  4 gnolls (D:3)
  11 adders
  A shadow imp (D:5)
  A white imp (D:5)
  2 ufetubi
  A worm (D:2)
  5 dart slugs
  17 orcs
  7 ball pythons
  3 bats
  8 endoplasms
  2 giant cockroaches
  10 hobgoblins
  6 jackals
  3 quokkas
  A frilled lizard (D:3)
  13 goblins
  8 kobolds
  3 rats
127 creatures vanquished.

Notes
Turn   | Place    | Note
-------+----------+-------------------------------------------
     0 | D:1      | pokeman the Deep Elf Hedge Wizard began the quest for the
                  | Orb.
     0 | D:1      | Reached XP level 1. HP: 10/10 MP: 7/7
   146 | D:1      | Reached XP level 2. HP: 15/15 MP: 9/9
   940 | D:2      | Reached skill level 5 in Spellcasting
  1022 | D:2      | Reached XP level 3. HP: 12/20 MP: 6/11
  1026 | D:2      | Learned a level 3 spell: Mephitic Cloud
  1029 | D:2      | Learned a level 2 spell: Blink
  1032 | D:2      | Learned a level 2 spell: Call Imp
  1361 | D:2      | Reached skill level 1 in Fighting
  1361 | D:2      | Reached skill level 1 in Armour
  1372 | D:2      | Got the Collected Works on Cursed Congelation
  1669 | D:2      | Reached XP level 4. HP: 25/25 MP: 9/13
  2021 | D:3      | Found a runed translucent door.
  2198 | D:3      | Found a white marble altar of Elyvilon.
  2233 | D:3      | Noticed wilsonr's ghost (amateur GnWn)
  2256 | D:3      | Found a shadowy altar of Dithmenos.
  2295 | D:3      | Noticed Terence
  2428 | D:3      | Killed Terence
  2429 | D:3      | Reached skill level 6 in Spellcasting
  2479 | D:3      | Reached XP level 5. HP: 29/29 MP: 13/15
  2900 | D:4      | Noticed Robin
  2989 | D:4      | Killed Robin
  2990 | D:4      | Reached skill level 1 in Evocations
  3035 | D:4      | Found Rijaon's Jewellery Boutique.
  3096 | D:4      | Reached skill level 1 in Air Magic
  3110 | D:4      | Reached XP level 6. HP: 33/34 MP: 14/17
  3232 | D:4      | Noticed Grinder
  3279 | D:4      | Paralysed by Grinder for 5 turns
  3360 | D:4      | Reached skill level 7 in Spellcasting
  3360 | D:4      | Reached skill level 1 in Poison Magic
  3461 | D:4      | Noticed Blork the orc
  3487 | D:4      | Killed Blork the orc
  3642 | D:4      | Paralysed by Grinder for 3 turns
  3648 | D:4      | Paralysed by Grinder for 3 turns
  3659 | D:4      | Paralysed by Grinder for 2 turns
  3667 | D:4      | Paralysed by Grinder for 4 turns
  3789 | D:4      | Found Attao's Book Emporium.
  3979 | D:4      | Killed Grinder
  3980 | D:4      | Reached skill level 8 in Spellcasting
  3980 | D:4      | Reached XP level 7. HP: 34/40 MP: 18/20
  4016 | D:5      | Entered Level 5 of the Dungeon
  4026 | D:5      | Noticed Sigmund
  4050 | D:5      | Killed Sigmund
  4103 | D:5      | Reached skill level 9 in Spellcasting
  4194 | D:5      | Reached XP level 8. HP: 32/45 MP: 20/23
  4269 | D:5      | Reached skill level 5 in Conjurations
  4321 | D:5      | Found an ancient bone altar of Kikubaaqudgha.
  4329 | D:5      | Reached skill level 10 in Spellcasting
  4979 | D:6      | Slain by an orc warrior

Illustrated notes

Levels and vault maps discovered:
D:1:      dpeg_arrival_shrine, layout_loops_cross
D:2:      layout_loops_corners, st_stairs_2
D:3:      layout_basic, nicolae_dithmenos_the_darkroom,
          overflow_temple_1_default, ebering_ghost_sewer_d, minmay_distorted,
          uniq_terence
D:4:      layout_rooms, serial_shops, nicolae_square_shop, shop, uniq_grinder,
          uniq_blork_the_orc, uniq_robin
D:5:      layout_cave_pools, lemuel_round_altar, uniq_sigmund
D:6:      kennysheep_slugbush, layout_cave_pools, minmay_temple_entry_overgrown,
          portal_sewer_entry_e, nicolae_shop_gadgets

Skill      XL: |  1  2  3  4  5  6  7  8 |
---------------+-------------------------+-----
Spellcasting   | 5 6 8 9 10 | 10.8
Fighting       | 1 2 |  2.3
Armour         | 1 2 3 |  3.1
Conjurations   | 2 3 4 5 |  5.7
Stealth        | 3 |  3.0
Dodging        | 3 |  3.0
Evocations     | 1 |  1.0
Air Magic      | 1 |  1.1
Poison Magic   | 1 |  1.1
Summonings     | |  1.1
Translocations | |  1.1

Action                   |  1- 3 |  4- 6 |  7- 9 || total
-------------------------+-------+-------+-------++-------
Melee: Scimitar          |       |     8 |    47 ||    55
       Punch             |       |     1 |       ||     1
 Fire: Sling             |    96 |   124 |       ||   220
 Cast: Magic Dart        |    18 |    93 |    61 ||   172
       Mephitic Cloud    |       |    16 |    24 ||    40
       Call Imp          |       |     5 |     2 ||     7
       Blink             |       |       |     1 ||     1
 Stab: Confused          |       |       |     5 ||     5
Armor: Robe              |    15 |       |       ||    15
       Leather armour    |     6 |    57 |    42 ||   105
Dodge: Dodged            |    35 |    91 |    54 ||   180

Table legend: (Time is in decaauts)
 A = Elapsed time spent in this place.
 B = Non-inter-level travel time spent in this place.
 C = Inter-level travel time spent in this place.
 D = Time resting spent in this place.
 E = Time spent auto-exploring this place.
 F = Levels seen in this place.
 G = Mean time per level.
                   A        B        C        D        E       F      G
               +--------+--------+--------+--------+--------+-----+--------+
         Total |   5101 |   4779 |    322 |    210 |   3362 |   6 |  850.2 |
       Dungeon |   5101 |   4779 |    322 |    210 |   3362 |   6 |  850.2 |
               +--------+--------+--------+--------+--------+-----+--------+

Top non-repeatable levels by time:
     D:3: 1253 daAuts
     D:4: 1089 daAuts
     D:2: 1021 daAuts
     D:1: 840 daAuts
     D:5: 830 daAuts
     D:6: 66 daAuts
